[Event "Titled Tuesday Blitz December 06 Late 2022"]
[White "Sukandar, Irine Kharisma"]
[Black "Storey, Charles H"]
[WhiteFideId "7101937"]
[BlackFideId "406686"]
[WhiteElo "2301"]
[BlackElo "2251"]
[Result "0-1"]
[Round "09"]
[TimeControl "180+1"]
[Date "2022.12.07"]
[WhiteClock "0:00:14"]
[BlackClock "0:00:14"]

1. e4 g6 2. d4 Bg7 3. Nc3 c5 4. dxc5 Bxc3+ 5. bxc3 Nf6 6. e5 Ne4 7. Qd4 Qa5 8. Bd3 Nxc5 9. e6 f6 10. exd7+ Bxd7 11. Ne2 Nc6 12. Qe3 Ne5 13. O-O O-O-O 14. Rb1 Ncxd3 15. cxd3 Bf5 16. Rd1 Bxd3 17. Rb4 Bxe2 18. Qxe2 Rxd1+ 19. Qxd1 Rd8 20. Qb3 Qd5 21. Rd4 Qxb3 22. axb3 Rxd4 23. cxd4 Nc6 24. Bb2 Kd7 25. Kf1 Kd6 26. Ke2 Kd5 27. Ke3 b5 28. h4 a5 29. g4 a4 30. bxa4 bxa4 31. Ba3 e6 32. Bb2 Na5 33. Bc3 Nc4+ 34. Kd3 a3 35. f4 f5 36. gxf5 gxf5 37. h5 a2 38. h6 Nd6 39. Ba1 Nf7 40. Kc2 Nxh6 41. Kb3 Ng4 42. Kxa2 h5 43. Bc3 h4 44. Be1 h3 45. Bg3 Kxd4 46. Kb3 Ke4 47. Kc2 Kf3 48. Kd2 Kxg3 49. Ke2 h2 50. Kd2 h1=Q 51. Ke2 Qe4+ 52. Kf1 Kf3 53. Kg1 Qe2 54. Kh1 Qg2# 0-1


[Site "https://www.chess.com"]

[Event "Titled Tuesday Blitz December 06 Late 2022"]
[White "Timmermans, Mark"]
[Black "Quesada Perez, Yuniesky"]
[WhiteFideId "1026399"]
[BlackFideId "3504409"]
[WhiteElo "2460"]
[BlackElo "2600"]
[Result "1/2-1/2"]
[Round "09"]
[TimeControl "180+1"]
[Date "2022.12.06"]
[WhiteClock "0:00:18"]
[BlackClock "0:00:21"]

1. b4 d5 2. Bb2 Bf5 3. e3 e6 4. c4 Nf6 5. b5 Be7 6. a4 O-O 7. Nf3 Nbd7 8. Be2 Nc5 9. d4 Nce4 10. O-O c5 11. Nc3 dxc4 12. Nxe4 Nxe4 13. Bxc4 cxd4 14. Nxd4 Bg6 15. Qe2 Rc8 16. Rfd1 Qc7 17. Rac1 Nc5 18. Qg4 Rfd8 19. Nxe6 Rxd1+ 20. Qxd1 fxe6 21. Bxe6+ Bf7 22. Bxc8 Qxc8 23. Qd4 Bf8 24. Ba3 b6 25. a5 Qe8 26. axb6 axb6 27. Bxc5 Bxc5 28. Rxc5 bxc5 29. Qxc5 Qd7 30. h3 Bd5 31. f3 Bb7 32. e4 h6 33. Kh2 Kf7 34. Kg1 Qd1+ 35. Kh2 Qd7 36. Kg1 Qd1+ 37. Kh2 Qd7 1/2-1/2


[Site "https://www.chess.com"]

[Event "Titled Tuesday Blitz December 06 Late 2022"]
[White "Urbina Perez, Juan Antonio"]
[Black "Moksh Amit Doshi"]
[WhiteFideId "2217368"]
[BlackFideId "25064967"]
[WhiteElo "2197"]
[BlackElo "2297"]
[Result "1-0"]
[Round "09"]
[TimeControl "180+1"]
[Date "2022.12.07"]
[WhiteClock "0:00:46"]
[BlackClock "0:00:46"]

1. e4 c5 2. Nf3 e6 3. c3 Nf6 4. e5 Nd5 5. g3 d6 6. exd6 Bxd6 7. Bg2 O-O 8. O-O Nc6 9. d4 cxd4 10. Nxd4 Nxd4 11. Qxd4 Qc7 12. Rd1 Be5 13. Qg4 Bd7 14. Qe2 Bc6 15. Nd2 Rad8 16. Nc4 Bf6 17. Ne3 Rfe8 18. Nxd5 exd5 19. Qd3 d4 20. c4 Qe5 21. Bd2 Qe2 22. Qxe2 Rxe2 23. Bxc6 bxc6 24. Kf1 d3 25. Rab1 h5 26. b4 Bd4 27. Be1 Be5 28. Rxd3 Rxf2+ 29. Bxf2 Rxd3 30. Bxa7 Ra3 31. Bf2 Rxa2 32. b5 cxb5 33. cxb5 Kh7 34. b6 Kg6 35. b7 Bb8 36. Rb6+ f6 37. Rb5 Kf7 38. h4 Ke6 39. Be3 Ra3 40. Bf4 Ba7 41. b8=Q Bxb8 42. Bxb8 g6 43. Bf4 Ra2 44. Bh6 Rc2 45. Bg7 f5 46. Bh6 Ra2 47. Bg5 Rc2 48. Rb6+ Kf7 49. Rf6+ Kg7 50. Ra6 Kf7 51. Ra7+ Ke6 52. Rg7 Ke5 53. Rxg6 Ke4 54. Bf4 Kf3 55. Ke1 1-0


[Site "https://www.chess.com"]

[Event "Titled Tuesday Blitz December 06 Late 2022"]
[White "Van Dael, Siem"]
[Black "Goroshkov, Maksym"]
[WhiteFideId "1049771"]
[BlackFideId "14142716"]
[WhiteElo "2336"]
[BlackElo "2258"]
[Result "0-1"]
[Round "09"]
[TimeControl "180+1"]
[Date "2022.12.06"]
[WhiteClock "0:02:13"]
[BlackClock "0:02:46"]

1. e4 e5 2. Nf3 d6 3. d4 Bg4 4. dxe5 Nd7 5. exd6 Bxd6 6. h3 Bh5 7. Be2 Ngf6 8. Nc3 Qe7 9. O-O O-O-O 10. Bg5 Bxf3 11. Bxf3 Qe5 12. g3 Qxg5 13. Nd5 Nxd5 14. exd5 h5 15. h4 Qf6 16. Bxh5 g5 17. hxg5 Qxg5 18. Bxf7 Bxg3 19. Be6 Bh2+ 20. Kh1 Bd6+ 0-1


[Site "https://www.chess.com"]

[Event "Titled Tuesday Blitz December 06 Late 2022"]
[White "Vlassov, Nikolai"]
[Black "Barria Zuniga, Daniel"]
[WhiteFideId "4103360"]
[BlackFideId "3400816"]
[WhiteElo "2324"]
[BlackElo "2414"]
[Result "1-0"]
[Round "09"]
[TimeControl "180+1"]
[Date "2022.12.06"]
[WhiteClock "0:00:13"]
[BlackClock "0:00:03"]

1. e4 c5 2. c3 Nf6 3. e5 Nd5 4. d4 cxd4 5. cxd4 d6 6. Bc4 Nb6 7. Bb3 dxe5 8. Qh5 e6 9. dxe5 Nc6 10. Nc3 Qd3 11. Bf4 Bd7 12. Rd1 Qg6 13. Qh3 O-O-O 14. Nge2 Be7 15. O-O Na5 16. Nd4 Nxb3 17. axb3 Kb8 18. Rfe1 Bc8 19. Ne4 Nd5 20. Bg3 Rd7 21. Nd6 h5 22. N4f5 Bd8 23. Rxd5 exd5 24. e6 Rxd6 25. Nxd6 Bc7 26. Nxf7 Re8 27. Bxc7+ Kxc7 28. Qc3+ Kb8 29. Qe5+ Ka8 30. Ng5 Qf6 31. h4 Qxe5 32. Rxe5 d4 33. f4 d3 34. f5 d2 35. Rd5 g6 36. f6 b6 37. f7 Rf8 38. e7 1-0


[Site "https://www.chess.com"]

[Event "Titled Tuesday Blitz December 06 Late 2022"]
[White "Weisz, Bryan"]
[Black "Saya, Ethan"]
[WhiteFideId "30934133"]
[BlackFideId "26095181"]
[WhiteElo "2303"]
[BlackElo "2178"]
[Result "0-1"]
[Round "09"]
[TimeControl "180+1"]
[Date "2022.12.07"]
[WhiteClock "0:00:08"]
[BlackClock "0:01:25"]

1. Nc3 d5 2. e4 dxe4 3. Nxe4 Nd7 4. d4 Ngf6 5. Ng3 b6 6. Qf3 Rb8 7. Bb5 Bb7 8. Bc6 Qc8 9. N1e2 Bxc6 10. Qxc6 Qb7 11. Qxb7 Rxb7 12. O-O e6 13. Nf4 c5 14. Be3 cxd4 15. Bxd4 Bc5 16. Bxc5 Nxc5 17. Rad1 O-O 18. Nd3 Nxd3 19. Rxd3 Rc7 20. c3 Rfc8 21. Rfd1 Kf8 22. Rd8+ Rxd8 23. Rxd8+ Ke7 24. Rd4 Rc5 25. Kf1 Ra5 26. a4 Re5 27. f4 Rd5 28. Rc4 Kd7 29. Ke2 h5 30. Ne4 Nxe4 31. Rxe4 h4 32. Re5 Rxe5+ 33. fxe5 Kc6 34. Kf3 Kd5 35. Kg4 Kxe5 36. Kxh4 Kf4 37. b4 e5 38. c4 e4 39. c5 bxc5 40. bxc5 Ke5 41. Kg3 Kd5 42. Kf4 Kxc5 43. Kxe4 Kb4 44. g4 Kxa4 45. h4 Kb3 46. h5 f6 47. Kf5 a5 48. Kg6 a4 49. Kxg7 a3 50. h6 a2 51. h7 a1=Q 52. h8=Q f5+ 53. Kh7 Qxh8+ 54. Kxh8 fxg4 0-1


[Site "https://www.chess.com"]

[Event "Titled Tuesday Blitz December 06 Late 2022"]
[White "Winterberg, Lukas"]
[Black "Mendez Fortes, Eduardo Jesus"]
[WhiteFideId "24622702"]
[BlackFideId "3502376"]
[WhiteElo "2350"]
[BlackElo "2307"]
[Result "0-1"]
[Round "09"]
[TimeControl "180+1"]
[Date "2022.12.06"]
[WhiteClock "0:00:01"]
[BlackClock "0:00:11"]

1. e4 e5 2. Nf3 Nc6 3. Bc4 Nf6 4. d4 exd4 5. e5 d5 6. Bb5 Ne4 7. Nxd4 Bc5 8. c3 O-O 9. O-O Nxe5 10. Nd2 Nxd2 11. Bxd2 c6 12. Be2 Ng6 13. f4 Qf6 14. Be3 Re8 15. Qd2 h6 16. Rae1 Bb6 17. Bd3 Bd7 18. g3 Bh3 19. Rf2 Re7 20. Nf3 Rae8 21. Rfe2 Bg4 22. Bxb6 Rxe2 23. Rxe2 Rxe2 24. Qxe2 axb6 25. Qe8+ Nf8 26. Ne5 Bf5 27. Be2 Qe6 28. Qxe6 Nxe6 29. Kf2 Nc5 30. c4 f6 31. Nf3 dxc4 32. Bxc4+ Be6 33. Bxe6+ Nxe6 34. Ke3 Kf7 35. Nd2 b5 36. Ne4 Ke7 37. Kd3 f5 38. Nd2 Kd6 39. Nf3 Nc5+ 40. Kd4 Ne6+ 41. Kd3 Kd5 42. Ne5 g5 43. Ke3 c5 44. Nf7 gxf4+ 45. gxf4 h5 46. Nh6 Ng7 47. Ng8 Ke6 48. b4 c4 49. Kd4 b6 50. Nh6 Ne8 51. h3 Nd6 52. Ng8 Ne4 53. a4 bxa4 54. Kxc4 b5+ 55. Kd3 Nd6 0-1


[Site "https://www.chess.com"]

[Event "Titled Tuesday Blitz December 06 Late 2022"]
[White "Yoo, Christopher Woojin"]
[Black "Da Silva Junior, Sediney Mari"]
[WhiteFideId "30909694"]
[BlackFideId "2132079"]
[WhiteElo "2463"]
[BlackElo "1996"]
[Result "0-1"]
[Round "09"]
[TimeControl "180+1"]
[Date "2022.12.07"]
[WhiteClock "0:00:02"]
[BlackClock "0:00:08"]

1. d4 Nf6 2. Nf3 e6 3. Bg5 c5 4. e3 d5 5. c4 Be7 6. Nc3 cxd4 7. Nxd4 O-O 8. cxd5 Nxd5 9. Bxe7 Qxe7 10. Nxd5 exd5 11. Be2 Nc6 12. O-O Nxd4 13. Qxd4 Be6 14. Rac1 a6 15. Bf3 Qd7 16. Rc5 Rac8 17. Rfc1 Rfd8 18. h4 Rxc5 19. Qxc5 h6 20. b3 Qe8 21. Qd4 Qe7 22. h5 Qa3 23. Rc2 Qa5 24. b4 Qa4 25. Rc7 b5 26. Qd2 d4 27. exd4 Bxa2 28. d5 a5 29. Qf4 Bxd5 30. Bxd5 Qd1+ 31. Kh2 Qxd5 32. Rc5 Qd6 33. Qxd6 Rxd6 34. bxa5 b4 35. Rc8+ Kh7 36. Rc7 Rd5 37. a6 Rxh5+ 38. Kg3 Ra5 39. a7 b3 40. Rxf7 b2 41. Rb7 Ra3+ 42. Kg4 Ra4+ 43. Kh3 Ra3+ 44. f3 Rxa7 45. Rxb2 Rf7 46. Kh4 Ra7 47. Rb6 Rf7 48. Kg4 Ra7 49. f4 Ra4 50. g3 Rc4 51. Kh5 Rc5+ 52. Kh4 Rc4 53. Kh3 Rc3 54. Kg4 Rc4 55. Rd6 Ra4 56. Re6 Rb4 57. Kf5 Rb5+ 58. Re5 Rb6 59. g4 Rf6+ 60. Ke4 Ra6 61. Re7 Ra4+ 62. Ke5 Ra5+ 63. Ke6 Ra6+ 64. Kf5 Ra5+ 65. Ke4 Ra4+ 66. Kf5 Ra5+ 67. Re5 Ra6 68. Re6 Ra5+ 69. Ke4 Ra4+ 70. Ke5 Ra5+ 71. Ke4 Ra4+ 72. Kf3 Ra3+ 73. Kf2 Ra4 74. Kg3 Ra3+ 75. Kh4 Ra4 76. f5 Rb4 77. Rg6 Rb1 78. Kg3 Rb4 79. Kf3 Ra4 80. Re6 Rb4 81. Re5 Rb3+ 82. Kf4 Rb4+ 83. Kg3 Rb3+ 84. Kh4 Rb4 85. Kh5 Rb6 0-1


[Site "https://www.chess.com"]

[Event "Titled Tuesday Blitz December 06 Late 2022"]
[White "Zhigalko, Sergei"]
[Black "Korobov, Anton"]
[WhiteFideId "13502956"]
[BlackFideId "14105730"]
[WhiteElo "2662"]
[BlackElo "2635"]
[Result "0-1"]
[Round "09"]
[TimeControl "180+1"]
[Date "2022.12.06"]
[WhiteClock "0:00:01"]
[BlackClock "0:00:17"]

1. e4 c5 2. Nf3 d6 3. d4 cxd4 4. Qxd4 Nf6 5. Nc3 Nc6 6. Bb5 e6 7. e5 dxe5 8. Qxd8+ Kxd8 9. Bxc6 bxc6 10. Nxe5 Ke8 11. Bd2 Bb7 12. O-O-O Nd5 13. Rhe1 Be7 14. Ne4 f6 15. Nd3 Kf7 16. c4 Nb6 17. Bb4 Nxc4 18. Bxe7 Kxe7 19. b3 Nb6 20. Nec5 Bc8 21. Nxe6 Bxe6 22. Nc5 Rac8 23. Rxe6+ Kf7 24. Rdd6 Rhe8 25. Rxe8 Kxe8 26. a4 Ke7 27. Re6+ Kf7 28. Rd6 Ke7 29. Re6+ Kf7 30. Re4 Nd5 31. g3 g5 32. Kc2 h5 33. Nb7 Rc7 34. Nd6+ Kg6 35. Re6 Rd7 36. Ne4 Kf5 37. Nc5 Rc7 38. h3 h4 39. g4+ Kf4 40. Ne4 Kf3 41. Nxf6 Kxf2 42. Ne4+ Kg2 43. Nxg5 Nf4 44. Rd6 Re7 45. Rd2+ Kg3 46. Kc3 Re5 0-1


[Site "https://www.chess.com"]

[Event "Titled Tuesday Blitz December 06 Late 2022"]
[White "Zhu, Jiner"]
[Black "Korkmaz, Necmettin"]
[WhiteFideId "8608059"]
[BlackFideId "6303285"]
[WhiteElo "2384"]
[BlackElo "2094"]
[Result "1-0"]
[Round "09"]
[TimeControl "180+1"]
[Date "2022.12.07"]
[WhiteClock "0:00:46"]
[BlackClock "0:00:18"]

1. c4 e5 2. Nc3 Nf6 3. Nf3 Nc6 4. e4 Bc5 5. Nxe5 d6 6. Nxc6 bxc6 7. d4 Bb4 8. Bd3 c5 9. O-O O-O 10. dxc5 Bxc5 11. Bg5 c6 12. h3 h6 13. Bh4 Re8 14. Qf3 Bd4 15. Rac1 Be6 16. b3 Qa5 17. Ne2 Be5 18. Rc2 d5 19. cxd5 cxd5 20. Bxf6 Bxf6 21. exd5 Bxd5 22. Qf5 Rad8 23. Nf4 Re5 24. Qh7+ Kf8 25. Nxd5 Rdxd5 26. Rc8+ Rd8 27. Rxd8+ Qxd8 28. Bc4 Ke7 29. a4 Qd4 30. Qg8 Rf5 31. Qxf7+ Kd6 32. Qe6+ Kc5 33. Qxf5+ Kb4 34. Qb5+ Ka3 35. a5 Be5 36. Qa4+ Kb2 37. Qa1+ Kc2 38. Qc1# 1-0


[Site "https://www.chess.com"]

[Event "Titled Tuesday Blitz December 06 Late 2022"]
[White "Adewumi, Tanitoluwa"]
[Black "Bas Mas, Jose Joaquin"]
[WhiteFideId "30966396"]
[BlackFideId "22219064"]
[WhiteElo "2507"]
[BlackElo "2233"]
[Result "0-1"]
[Round "10"]
[TimeControl "180+1"]
[Date "2022.12.07"]
[WhiteClock "0:00:01"]
[BlackClock "0:00:51"]

1. e4 c5 2. Nf3 d6 3. Bb5+ Nd7 4. c3 a6 5. Bd3 e5 6. O-O Ngf6 7. Bc2 Be7 8. d4 O-O 9. Re1 b5 10. d5 Re8 11. a4 Rb8 12. a5 Nf8 13. h3 Ng6 14. Be3 b4 15. Ba4 Bd7 16. c4 h6 17. Bxd7 Qxd7 18. Nbd2 Kh7 19. Nh2 Bd8 20. Qc2 Nh5 21. Qa4 Qe7 22. Qc6 Nhf4 23. Bxf4 Nxf4 24. Re3 Qg5 25. Rg3 Ne2+ 26. Kh1 Nxg3+ 27. fxg3 Bxa5 28. Nhf3 Qd8 29. Nb3 Bc7 30. g4 Rb6 31. Qa4 Rf8 32. Na5 Qf6 0-1


[Site "https://www.chess.com"]

[Event "Titled Tuesday Blitz December 06 Late 2022"]
[White "Aghasiyev, Kamal"]
[Black "Gatterer, Florian"]
[WhiteFideId "13402854"]
[BlackFideId "811688"]
[WhiteElo "2341"]
[BlackElo "2218"]
[Result "1-0"]
[Round "10"]
[TimeControl "180+1"]
[Date "2022.12.07"]
[WhiteClock "0:00:05"]
[BlackClock "0:00:02"]

1. e4 c6 2. d4 d5 3. e5 Bf5 4. Nf3 e6 5. Be2 Nd7 6. O-O Ne7 7. Nbd2 h6 8. Nb3 g5 9. a4 a5 10. Ne1 Bg7 11. c3 c5 12. Bb5 Nc6 13. f4 g4 14. Nc2 c4 15. Nd2 h5 16. Ne3 Bd3 17. Rf2 Na7 18. b3 Nxb5 19. axb5 cxb3 20. Ba3 a4 21. Nxb3 axb3 22. Qxd3 Bf8 23. Bb2 Rxa1+ 24. Bxa1 Qa5 25. Rf1 Qa2 26. Qb1 Nb6 27. Qxa2 bxa2 28. Rf2 Bh6 29. g3 Kd7 30. Rxa2 Ra8 31. Rxa8 Nxa8 32. c4 dxc4 33. Nxc4 Bf8 34. b6 Kc6 35. h3 Bb4 36. hxg4 hxg4 37. Ne3 Nxb6 38. Nxg4 Kd5 39. Kf2 Ke4 40. Nf6+ Kd3 41. g4 Bd2 42. Kf3 Nc4 43. d5 exd5 44. Nxd5 b5 45. g5 b4 46. Kg4 b3 47. Kf5 Bc1 48. e6 fxe6+ 49. Kxe6 Bb2 50. Bxb2 Nxb2 51. g6 Nc4 52. g7 Nd6 53. g8=Q b2 54. Qh7+ Kc4 55. Kxd6 Kb3 56. Qb1 1-0


[Site "https://www.chess.com"]

[Event "Titled Tuesday Blitz December 06 Late 2022"]
[White "Alex_Sahakyan2006"]
[Black "Papp, Levente"]
[BlackFideId "751243"]
[WhiteElo "2667"]
[BlackElo "2380"]
[Result "1-0"]
[Round "10"]
[TimeControl "180+1"]
[Date "2022.12.06"]
[WhiteClock "0:00:20"]
[BlackClock "0:00:12"]

1. c4 Nf6 2. Nc3 g6 3. e4 d6 4. d4 Bg7 5. Be2 O-O 6. Nf3 c5 7. O-O Nc6 8. d5 Nb8 9. h3 a6 10. a4 Nbd7 11. Re1 Ne8 12. Bf1 Rb8 13. Bf4 Ne5 14. Nxe5 Bxe5 15. Bxe5 dxe5 16. Qd2 Qa5 17. f4 Qc7 18. Rad1 Bd7 19. Qf2 b6 20. Qh4 f6 21. Be2 exf4 22. e5 Qxe5 23. Bg4 Qd6 24. Ne4 Qc7 25. d6 exd6 26. Bxd7 Qxd7 27. Qxf4 Qxa4 28. Nxd6 Ng7 29. Qf3 Rbd8 30. Qd5+ Kh8 31. Nf7+ 1-0


[Site "https://www.chess.com"]

[Event "Titled Tuesday Blitz December 06 Late 2022"]
[White "Ambartsumova, Karina"]
[Black "Kaplan, Avi Harrison"]
[WhiteFideId "4166299"]
[BlackFideId "30934559"]
[WhiteElo "2319"]
[BlackElo "1983"]
[Result "1-0"]
[Round "10"]
[TimeControl "180+1"]
[Date "2022.12.07"]
[WhiteClock "0:00:09"]
[BlackClock "0:00:13"]

1. Nf3 c5 2. c4 Nc6 3. Nc3 e5 4. g3 f5 5. d3 d6 6. Bg2 h6 7. O-O Nf6 8. a3 Be7 9. Rb1 O-O 10. b4 Qc7 11. Ne1 Be6 12. Nc2 f4 13. gxf4 exf4 14. Bxf4 Ne4 15. Nb5 Qd7 16. Bg3 Nxg3 17. hxg3 d5 18. cxd5 Bxd5 19. Bxd5+ Qxd5 20. Nc7 Qg5 21. Nxa8 Rxa8 22. Qc1 Qg4 23. Qe3 Rf8 24. b5 Bg5 25. Qxc5 Na5 26. Qd5+ Kh8 27. Qe4 Rf4 28. Qe8+ Kh7 29. Ne3 Rf8 30. Qxf8 Bxe3 31. Qf3 Qxf3 32. exf3 Bb6 33. Rfe1 Kg6 34. Re7 Kf6 35. Re8 Kf7 36. Re4 Kf6 37. Kf1 Bc5 38. a4 b6 39. d4 Bf8 40. Rc1 Nb7 41. Rc7 Nd6 42. Rf4+ Kg6 43. Rxf8 h5 44. Rxa7 h4 45. gxh4 Kh7 46. Rd8 Nc4 47. Rdd7 Kh8 48. d5 Ne5 49. Rxg7 Nxf3 50. Rgb7 Nh2+ 51. Kg2 Ng4 52. Ra8# 1-0


[Site "https://www.chess.com"]

[Event "Titled Tuesday Blitz December 06 Late 2022"]
[White "Andreikin, Dmitry"]
[Black "Paravyan, David"]
[WhiteFideId "4158814"]
[BlackFideId "4194985"]
[WhiteElo "2735"]
[BlackElo "2551"]
[Result "1-0"]
[Round "10"]
[TimeControl "180+1"]
[Date "2022.12.06"]
[WhiteClock "0:00:05"]
[BlackClock "0:00:01"]

1. Nf3 Nf6 2. c4 g6 3. b4 e6 4. a3 d5 5. e3 Bg7 6. Bb2 O-O 7. d4 a5 8. b5 a4 9. Be2 c6 10. Nc3 dxc4 11. Bxc4 cxb5 12. Bxb5 Bd7 13. Be2 Nc6 14. O-O Na5 15. Rb1 Qc7 16. Ne5 Rfc8 17. Nxd7 Nxd7 18. Nxa4 Nc4 19. Bc1 Qc6 20. Rb4 b5 21. Bf3 Qc7 22. Bxa8 Rxa8 23. Nc3 Nxe3 24. Nxb5 Nxd1 25. Nxc7 Rc8 26. Rxd1 Rxc7 27. Bf4 Ra7 28. d5 exd5 29. Rxd5 Rxa3 30. g3 Ra7 31. Be3 Rc7 32. Bf4 Ra7 33. Rc4 h5 34. Rc7 Rxc7 35. Bxc7 Nf8 36. Rd8 Kh7 37. Rc8 Ne6 38. Bb6 Bf6 39. Kg2 Kg7 40. Ra8 Be5 41. Ra5 Bf6 42. f4 Bc3 43. Rb5 f5 44. Be3 Kf7 45. Rb7+ Kg8 46. Bb6 Bf6 47. Ba5 Kf8 48. Bb4+ Kg8 49. Bd6 Bg7 50. Kf3 Nd4+ 51. Ke3 Ne6 52. Be5 Bf8 53. Rd7 Nc5 54. Rc7 Ne6 55. Rc6 Kf7 56. Kf3 Bc5 57. Ra6 Be7 58. Ke2 Nc5 59. Rc6 Ne4 60. Kd3 h4 61. gxh4 Bxh4 62. Kc4 Bf2 63. Kd5 Bg1 64. Rc7+ Kg8 65. Ke6 Bc5 66. Rc8+ Bf8 67. h4 Nc5+ 68. Kf6 Nd7+ 69. Kxg6 1-0


[Site "https://www.chess.com"]

[Event "Titled Tuesday Blitz December 06 Late 2022"]
[White "Ankerst, Mihael"]
[Black "Ezat, Mohamed"]
[WhiteFideId "14602369"]
[BlackFideId "10600906"]
[WhiteElo "2389"]
[BlackElo "2388"]
[Result "0-1"]
[Round "10"]
[TimeControl "180+1"]
[Date "2022.12.07"]
[WhiteClock "0:00:33"]
[BlackClock "0:00:09"]

1. e4 e5 2. Nf3 Nc6 3. Nc3 Nf6 4. d4 exd4 5. Nxd4 Bb4 6. Nxc6 bxc6 7. Bd3 O-O 8. O-O d5 9. exd5 cxd5 10. Bg5 c6 11. Ne2 h6 12. Bh4 Bd6 13. Nd4 Bd7 14. Qf3 Rb8 15. b3 Be5 16. c3 Qc7 17. Nf5 Bxh2+ 18. Kh1 Qf4 19. Bxf6 gxf6 20. Qh3 Bxf5 21. Bxf5 d4 22. c4 Rbe8 23. Bd3 Re5 24. g3 Qf3+ 25. Qg2 Qxd3 26. Kxh2 Rfe8 27. Rad1 Qc3 28. Qxc6 d3 29. Qxf6 Rh5+ 30. Qh4 Rxh4+ 31. gxh4 d2 32. Kg2 Re1 33. f3 Rxf1 34. Kxf1 Qxf3+ 35. Kg1 Qxd1+ 36. Kg2 Qe2+ 37. Kg1 d1=Q# 0-1


[Site "https://www.chess.com"]

[Event "Titled Tuesday Blitz December 06 Late 2022"]
[White "Averjanov, Alexey"]
[Black "Petrovic, Aleksa"]
[WhiteFideId "14109867"]
[BlackFideId "967629"]
[WhiteElo "2650"]
[BlackElo "2230"]
[Result "1-0"]
[Round "10"]
[TimeControl "180+1"]
[Date "2022.12.06"]
[WhiteClock "0:00:20"]
[BlackClock "0:00:03"]

1. d4 e6 2. c4 Nf6 3. Nf3 b6 4. g3 Ba6 5. Nbd2 Bb4 6. Qc2 c5 7. Bg2 Bb7 8. O-O cxd4 9. Nxd4 Bxg2 10. Kxg2 O-O 11. b3 a6 12. Bb2 Qc7 13. Rfd1 d6 14. Rac1 Bxd2 15. Rxd2 Nbd7 16. Rcd1 Rfc8 17. Qb1 b5 18. cxb5 axb5 19. f3 Nd5 20. Kf2 Qb6 21. e4 Nc3 22. Bxc3 Rxc3 23. Kg2 Ne5 24. f4 Ng4 25. Rc1 b4 26. a4 Rac8 27. Rxc3 bxc3 28. Rd3 e5 29. h3 Nf6 30. fxe5 dxe5 31. Nf5 Kh8 32. Rd6 Qc5 33. Qd3 c2 34. Rd8+ Ne8 35. Qd7 Rxd8 36. Qxd8 h6 37. Qxe8+ Kh7 38. Ne7 h5 39. Qg8+ Kh6 40. Qh8+ Kg5 41. Qxg7# 1-0


[Site "https://www.chess.com"]

[Event "Titled Tuesday Blitz December 06 Late 2022"]
[White "Barria Zuniga, Daniel"]
[Black "Estrada Nieto, Julian"]
[WhiteFideId "3400816"]
[BlackFideId "5101018"]
[WhiteElo "2414"]
[BlackElo "2195"]
[Result "1-0"]
[Round "10"]
[TimeControl "180+1"]
[Date "2022.12.07"]
[WhiteClock "0:00:09"]
[BlackClock "0:00:03"]

1. d4 d5 2. c4 dxc4 3. Nf3 Nf6 4. e3 e6 5. Bxc4 a6 6. Nc3 b5 7. Bb3 Bb7 8. O-O Nbd7 9. Re1 c5 10. e4 cxd4 11. Nxd4 Nc5 12. e5 Nxb3 13. axb3 Nd5 14. Qg4 h5 15. Qg3 h4 16. Qg4 h3 17. Bg5 Qd7 18. Ne4 hxg2 19. Rad1 Bb4 20. Nd6+ Bxd6 21. exd6 O-O 22. Bh6 f5 23. Qg3 Rf6 24. Bg5 Rg6 25. h4 Nf6 26. Nxe6 Ne4 27. Rxe4 fxe4 28. Nc5 Qc6 29. Nxb7 Qxb7 30. d7 Rd8 31. Bxd8 Rxg3 32. Bg5 Rd3 33. Rxd3 exd3 34. d8=Q+ Kh7 35. Qxd3+ Kh8 36. Qg3 Qf7 37. Qxg2 a5 38. Qa8+ Kh7 39. Qxa5 Qxb3 40. Qc3 Qd1+ 41. Kg2 Qg4+ 42. Kh2 Qf5 43. Kg3 b4 44. Qxb4 Qd3+ 45. Be3 Qg6+ 46. Qg4 Qd6+ 47. Qf4 Qd1 48. Qe4+ Kh8 49. Qf5 Qg1+ 50. Kf4 Qh2+ 51. Ke4 Qxh4+ 52. Ke5 Qe7+ 53. Qe6 Qc7+ 54. Qd6 Qc4 55. Qd8+ Kh7 56. Qg5 Qb5+ 57. Ke6 Qxb2 58. Qh5+ Kg8 59. Qe8+ Kh7 60. Qh5+ Kg8 61. Qf7+ Kh7 62. Qf5+ Kg8 63. Qe5 Qb3+ 64. Kd6 Qb4+ 65. Qc5 Qb8+ 66. Kd5 Qb7+ 67. Kd4 Qd7+ 68. Qd5+ Qxd5+ 69. Kxd5 Kf7 70. Ke4 Kf6 71. Kf3 Kf5 72. Kg3 g6 73. Kf3 g5 74. Kg3 g4 75. Kh4 g3 76. Kxg3 Kg6 77. Kf3 1-0


[Site "https://www.chess.com"]

[Event "Titled Tuesday Blitz December 06 Late 2022"]
[White "Baskakov, Egor"]
[Black "Goncalves, Davi Sulzbacher"]
[WhiteFideId "24197866"]
[BlackFideId "2154510"]
[WhiteElo "2212"]
[BlackElo "2182"]
[Result "1-0"]
[Round "10"]
[TimeControl "180+1"]
[Date "2022.12.07"]
[WhiteClock "0:01:56"]
[BlackClock "0:00:01"]

1. e4 c5 2. Nf3 d6 3. d4 cxd4 4. Nxd4 Nf6 5. Nc3 g6 6. g3 Bg7 7. Bg2 O-O 8. h3 a6 9. a4 Nc6 10. Nde2 Be6 11. Nd5 Bxd5 12. exd5 Ne5 13. O-O Qc7 14. b3 Rfc8 15. c4 b5 16. axb5 axb5 17. Rxa8 Rxa8 18. cxb5 Ra2 19. Be3 Nfd7 20. Nd4 Nb6 21. Nc6 Bf6 22. Qb1 Re2 23. Rc1 Qb7 24. Bd4 Ned7 25. Bxf6 Nxf6 26. Qd3 Rb2 27. Re1 Nc8 28. Qc3 Ra2 29. Nxe7+ Nxe7 30. Qxf6 Ra7 31. b6 Qxb6 32. Rxe7 Rxe7 33. Qxe7 Kg7 34. Bf1 h5 35. h4 Qc5 36. Bc4 Qb4 37. Kg2 Qa3 38. Qe3 Qb4 39. Qd4+ Kg8 40. Qf4 Kg7 41. g4 hxg4 42. Qxg4 Kf8 43. h5 gxh5 44. Qxh5 Ke7 45. Qg5+ Kf8 46. Qf6 Kg8 47. Qf3 Kg7 48. Kg3 Qd2 49. Qg4+ Kf8 50. Qf4 1-0


[Site "https://www.chess.com"]

[Event "Titled Tuesday Blitz December 06 Late 2022"]
[White "Bogaudinov, Rushan"]
[Black "Shapiro, Daniel"]
[WhiteFideId "4129288"]
[BlackFideId "2001780"]
[WhiteElo "2028"]
[BlackElo "2334"]
[Result "1-0"]
[Round "10"]
[TimeControl "180+1"]
[Date "2022.12.07"]
[WhiteClock "0:00:19"]
[BlackClock "0:00:02"]

1. b3 e5 2. Bb2 d6 3. g3 Nf6 4. Bg2 Be7 5. e3 O-O 6. d4 e4 7. c4 c6 8. d5 Bg4 9. Qd2 Nbd7 10. Nc3 Nc5 11. Bf1 a5 12. h3 Bf5 13. g4 Bg6 14. O-O-O Nfd7 15. Kb1 Ne5 16. Ka1 a4 17. b4 Ncd3 18. a3 Bf6 19. Bxd3 exd3 20. e4 Nxc4 21. Qxd3 Nxb2 22. Kxb2 cxd5 23. Qxd5 Rc8 24. Ne2 Re8 25. f3 Qc7 26. Rc1 Re5 27. Qd3 d5 28. Kb1 dxe4 29. Nxe4 Qd8 30. Rxc8 Qxc8 31. Rc1 Qe8 32. Nf4 Bxe4 33. fxe4 h6 34. Re1 Bg5 35. Nd5 Bd8 36. Nc3 Bg5 37. Rf1 Re6 38. Rf5 Qc6 39. Rc5 Qe8 40. Rd5 Kh7 41. e5+ 1-0


[Site "https://www.chess.com"]

[Event "Titled Tuesday Blitz December 06 Late 2022"]
[White "Bok, Benjamin"]
[Black "Martinez Alcantara, Jose Eduardo"]
[WhiteFideId "1017063"]
[BlackFideId "3805662"]
[WhiteElo "2658"]
[BlackElo "2707"]
[Result "0-1"]
[Round "10"]
[TimeControl "180+1"]
[Date "2022.12.06"]
[WhiteClock "0:00:01"]
[BlackClock "0:00:13"]

1. d4 Nf6 2. c4 e6 3. Nc3 Bb4 4. Qc2 d6 5. e3 O-O 6. Bd3 c5 7. Ne2 d5 8. cxd5 cxd4 9. exd4 exd5 10. O-O h6 11. Bf4 Nc6 12. Rac1 Bd6 13. Bxd6 Qxd6 14. a3 Bg4 15. f3 Bd7 16. Rfe1 Rac8 17. Qd2 Na5 18. Qf4 Qb6 19. Rc2 Rfe8 20. h3 Nc4 21. Bxc4 dxc4 22. Kh1 Qc7 23. Rcc1 b5 24. Qxc7 Rxc7 25. Nf4 Rd8 26. Re5 Rb7 27. Rce1 Kf8 28. Kg1 Bc6 29. Rc5 Rb6 30. d5 Bd7 31. Rc7 g5 32. Nfe2 a5 33. Rc5 Rc8 34. Rxc8+ Bxc8 35. Nd4 Bd7 36. Kf2 b4 37. axb4 axb4 38. Ne4 Nxd5 39. Rc1 Nf4 40. Rxc4 Nd3+ 41. Kg3 Nxb2 42. Rc7 Be8 43. Nf5 Rb8 44. Nfd6 Rd8 45. Rb7 Nd3 46. Nxe8 Kxe8 47. Kg4 Kf8 48. Kf5 Kg7 49. Ng3 Nf4 50. Rxb4 Re8 51. h4 Nd5 52. Nh5+ Kf8 53. Rd4 Ne3+ 54. Kf6 Re6# 0-1


[Site "https://www.chess.com"]